 Dungeon Crawl Stone Soup version 0.30-a0-777-ga9a30cbeda (webtiles) character file.

Game seed: 8534867192583073653

15444 jimonade the Bludgeoner (level 12, 0/126 HPs)
             Began as an Ogre Gladiator on Feb 13, 2023.
             Was an Elder of Okawaru.
             Slain by a hornet (5 damage)
             ... while paralysed by a hornet
             ... on level 11 of the Dungeon.
             The game lasted 00:37:22 (18804 turns).

jimonade the Bludgeoner (Ogre Gladiator)           Turns: 18804, Time: 00:37:22

Health: 0/126      AC:  9    Str: 23    XL:     12   Next: 27%
Magic:  16/17      EV:  1    Int: 11    God:    Okawaru [****..]
Gold:   824        SH:  0    Dex: 10    Spells: 11/11 levels left

rFire   + + .      SeeInvis +    a - +7 great mace "Firestarter" {flame, inner flame, rFlCloud rF++}
rCold   . . .      Faith    .    (shield currently unavailable)
rNeg    . . .      Spirit   .    b - +0 troll leather armour
rPois   .          Reflect  .    c - +1 hat
rElec   .          Harm     .    P - +1 cloak
rCorr   .          Rampage  .    (gloves unavailable)
Will    +....                    (boots unavailable)
Stlth   +++                      (no amulet)
HPRegen 1.21/turn                h - ring of wizardry
MPRegen 0.15/turn                i - ring of see invisible

@: paralysed, lethally poisoned (0 -> -9), heroic, slowed
A: large, unfitting armour, tough skin 1
a: Renounce Religion, Heroism, Finesse


You were on level 11 of the Dungeon.
You worshipped Okawaru.
Okawaru was greatly pleased with you.
You visited 2 branches of the dungeon, and saw 12 of its levels.
You also visited: Sewer and Ossuary.

You collected 824 gold pieces.

Inventory:

Hand Weapons
 a - the +7 great mace "Firestarter" (weapon) {flame, inner flame, rFlCloud rF++}
   (You acquired it on level 8 of the Dungeon)

   rFlCloud:  It grants immunity to clouds of flame.
   rF:        It greatly protects you from fire.
 s - a +1 flail of freezing
 E - a +0 whip of flaming
 W - a +0 giant spiked club
Missiles
 k - 115 stones
 v - 6 atropa-tipped darts
 D - 25 poisoned darts
 F - 5 large rocks (quivered)
 G - a throwing net
 K - 9 boomerangs
Armour
 b - a +0 troll leather armour (worn)
 c - a +1 hat (worn)
 o - an orb of mayhem
 q - a scarf of harm
 z - a +0 tower shield
 N - a +2 robe of cold resistance
 P - a +1 cloak (worn)
Magical Staves
 t - a staff of cold
Jewellery
 h - a ring of wizardry (left hand)
 i - a ring of see invisible (right hand)
 r - a ring of fire
 M - a ring of protection from cold
Wands
 e - a wand of polymorph (6)
 j - a wand of mindburst (7)
 H - a wand of flame (46)
 Y - a wand of charming (3)
 Z - a wand of roots (2)
Scrolls
 g - 9 scrolls of teleportation
 p - a scroll of vulnerability
 u - 3 scrolls of enchant armour
 L - 3 scrolls of blinking
 R - 2 scrolls of magic mapping
 T - 3 scrolls of enchant weapon
 V - a scroll of fog
 X - a scroll of immolation {unknown}
Potions
 f - a potion of ambrosia {unknown}
 l - 2 potions of mutation
 m - 6 potions of attraction
 n - 7 potions of curing
 w - 2 potions of brilliance
 x - a potion of might
 A - a potion of cancellation
 B - 2 potions of haste
 C - 2 potions of berserk rage
 I - 2 potions of heal wounds
 J - 2 potions of resistance
 O - 2 potions of lignification
 Q - a potion of flight {unknown}
 S - 2 potions of magic
 U - a potion of invisibility {unknown}


   Skills:
 + Level 9.8(14.8) Fighting
 * Level 15.2(20.2) Maces & Flails
 + Level 3.4(8.4) Throwing
 + Level 5.9(10.9) Dodging
 - Level 1.2(6.2) Stealth
 + Level 7.5 Invocations


You had 11 spell levels left.
You didn't know any spells.
Your spell library contained the following spells:

 Spells                   Type           Power      Damage    Failure   Level
 Ensorcelled Hibernation  Hex/Ice        0%         N/A       24%         2
 Spider Form              Tmut/Pois      0%         N/A       41%         3
 Vhi's Electric Charge    Tloc/Air       0%         N/A       41%         3
 Anguish                  Hex/Necr       0%         N/A       80%         4
 Arcjolt                  Conj/Air       0%         1d10      98%         5
 Maxwell's Capacitive Co  Air            0%         ∞         100%        8


Dungeon Overview and Level Annotations

Branches:
Dungeon (11/15)            Temple (1/1) D:5             Orc (0/2) D:10
  Sewer (visited)         Ossuary (visited)
   Lair: D:8-11

Altars:
Ashenzari
Cheibriados
Dithmenos
Elyvilon
Fedhas
Gozag
Hepliaklqana
Kikubaaqudgha
Makhleb
Nemelex Xobeh
Okawaru
Qazlal
Ru
Sif Muna
Trog
Uskayaw
Vehumet
Wu Jian
Xom
Yredelemnul
Zin
The Shining One

Annotations:
D:7 3 runed translucent doors, olddryhag's ghost, novice DsGl


Innate Abilities, Weirdness & Mutations

You are too large for most types of armour.
You have tough skin. (AC +1)


Message History

* * * LOW HITPOINT WARNING * * *
You feel as though you will be slow longer.
You closely miss the hornet.
The hornet is lightly wounded.
You feel very sick.
The hornet stings you but does no damage.
The hornet misses you.
You miss the hornet.
The hornet is lightly wounded.
You feel sick. The hornet stings you.
* * * LOW HITPOINT WARNING * * *
You feel as though you will be slow longer.
The hornet stings you but does no damage.
You feel much better.
You feel sick.
The hornet stings you but does no damage.
The hornet stings you!
* * * LOW HITPOINT WARNING * * *
You are more poisoned.
You feel as though you will be slow longer.
You closely miss the hornet.
The hornet is lightly wounded.
You feel very sick. The hornet completely misses you.
You closely miss the hornet.
The hornet is lightly wounded.
You feel very sick. The hornet stings you!
* * * LOW HITPOINT WARNING * * *
You are lethally poisoned!
You feel as though you will be slow longer.
The hornet stings you but does no damage.
You bludgeon the hornet!! You burn the hornet.
The hornet is filled with an inner flame.
The hornet is almost dead.
* * * LOW HITPOINT WARNING * * *
You feel very sick. The hornet stings you.
* * * LOW HITPOINT WARNING * * *
You suddenly lose the ability to move!
The hornet stings you.
You die...

##### #...# +....
#...# #...# #...###
.....≈≈≈≈ #####.....#
#....≈≈≈≈≈≈≈
......y@..#
#....≈≈≈≈≈≈≈
...(..#...# #....≈≈
≈≈≈≈ ..... #...#
#....≈####≈≈ ....
#...# #....≈#.)#≈≈
...
#...###....≈#..#≈≈ ..
#..........≈#.÷#≈≈ .
#...##.....≈##÷#≈≈
####...###....≈≈≈.≈≈≈
#......###.....÷.....


You could see a hornet (inner flame).

Vanquished Creatures
  3 two-headed ogres
  Pikel (D:5)
  A gargoyle (D:9)
  2 komodo dragons
  2 kobold demonologists (D:11)
  5 trolls
  2 shadows
  A wyvern (D:10)
  24 yaks
  A wraith (D:11)
  A vampire (D:10)
  Grum (D:11)
  A steam dragon (D:6)
  Menkaure (D:4)
  Duvessa (D:4)
  3 water moccasins
  3 orc warriors
  A sky beast (D:5)
  3 ice beasts
  4 wolves (D:11)
  A lemure (D:5)
  2 phantoms (D:6)
  6 kobold brigands
  3 bullfrogs
  2 necrophages
  A scorpion (D:6)
  5 wights (D:6)
  Dowan (D:4)
  12 killer bees
  2 howler monkeys
  3 jellies
  6 hounds
  6 orc priests
  2 gnoll boudas
  4 iguanas
  13 orc wizards
  12 mummies (Ossuary)
  10 gnolls
  16 adders
  A shadow imp (D:6)
  2 white imps
  An ufetubus (D:6)
  6 worms
  42 orcs
  10 endoplasms
  3 giant cockroaches
  6 goblins
  5 hobgoblins
  4 jackals (D:5)
  15 kobolds
  4 quokkas
  11 ball pythons
  10 bats
  A frilled lizard (D:1)
  A gnoll skeleton (Ossuary)
  4 goblin skeletons (Ossuary)
  3 orc skeletons (Ossuary)
  7 rats
  11 rat skeletons (Ossuary)
315 creatures vanquished.

Notes
Turn   | Place    | Note
-------+----------+-------------------------------------------
     0 | D:1      | jimonade the Ogre Gladiator began the quest for the Orb.
     0 | D:1      | Reached XP level 1. HP: 22/22 MP: 1/1
   480 | D:1      | Reached XP level 2. HP: 29/29 MP: 2/2
   758 | D:1      | Reached skill level 3 in Maces & Flails
   897 | D:2      | Reached XP level 3. HP: 18/36 MP: 3/3
  1619 | D:2      | Reached XP level 4. HP: 42/45 MP: 4/4
  1726 | D:2      | Found a faded altar of an unknown god.
  2079 | D:3      | Found a glowing drain.
  2089 | Sewer    | Entered a sewer
  2243 | Sewer    | Reached skill level 4 in Maces & Flails
  2561 | Sewer    | Reached XP level 5. HP: 49/53 MP: 5/5
  2725 | Sewer    | Noticed a kobold brigand
  2756 | Sewer    | Killed a kobold brigand
  2928 | Sewer    | Noticed a kobold brigand
  2928 | Sewer    | Noticed a kobold brigand
  2952 | Sewer    | Killed a kobold brigand
  2953 | Sewer    | Reached skill level 5 in Maces & Flails
  2953 | Sewer    | Reached XP level 6. HP: 33/62 MP: 6/6
  4227 | D:4      | Noticed Dowan
  4303 | D:4      | Noticed Duvessa
  4314 | D:4      | Reached XP level 7. HP: 51/70 MP: 7/7
  4741 | D:4      | Noticed Menkaure
  4748 | D:4      | Killed Menkaure
  4749 | D:4      | Reached skill level 6 in Maces & Flails
  4933 | D:4      | Found a glowing silver altar of Zin.
  5045 | D:4      | Killed Duvessa
  5056 | D:4      | Killed Dowan
  5526 | D:4      | Reached skill level 7 in Maces & Flails
  5639 | D:5      | Entered Level 5 of the Dungeon
  5674 | D:5      | Reached XP level 8. HP: 71/79 MP: 8/8
  5781 | D:5      | Reached skill level 5 in Fighting
  5818 | D:5      | Found an iron altar of Okawaru.
  5898 | D:5      | Noticed Pikel
  5932 | D:5      | Killed Pikel
  5933 | D:5      | Reached skill level 8 in Maces & Flails
  5933 | D:5      | Reached skill level 1 in Stealth
  6282 | D:5      | Found a snail-covered altar of Cheibriados.
  6404 | D:5      | Found a stormy altar of Qazlal.
  7484 | D:5      | Found a shimmering altar of Xom.
  7491 | D:5      | Found a broken altar of Ashenzari.
  7491 | D:5      | Found a hazy altar of Hepliaklqana.
  7498 | D:5      | Found a white marble altar of Elyvilon.
  7629 | D:5      | Found a staircase to the Ecumenical Temple.
  7638 | Temple   | Entered the Ecumenical Temple
  7738 | D:5      | Became a worshipper of Warmaster Okawaru
  7761 | D:5      | Reached skill level 12 in Maces & Flails
  7761 | D:5      | Reached XP level 9. HP: 89/89 MP: 8/14
  8082 | D:6      | Reached XP level 10. HP: 79/98 MP: 15/15
  9033 | D:6      | Reached * piety under Okawaru
 10942 | D:7      | Found a runed translucent gate.
 10943 | D:7      | Found a runed translucent gate.
 10943 | D:7      | Found an opulent altar of Gozag.
 10944 | D:7      | Found a runed translucent gate.
 10945 | D:7      | Noticed olddryhag's ghost (novice DsGl)
 13223 | D:8      | Found a sand-covered staircase.
 13229 | Ossuary  | Entered an ossuary
 13801 | D:7      | Reached skill level 13 in Maces & Flails
 14276 | D:8      | Reached skill level 5 in Dodging
 14291 | D:8      | Reached ** piety under Okawaru
 14292 | D:8      | Reached XP level 11. HP: 44/109 MP: 16/16
 15681 | D:8      | Identified a scroll of acquirement
 15681 | D:8      | Acquired the +7 great mace "Firestarter" {flame, inner
                  | flame, rFlCloud rF++}
 15681 | D:8      | Found the +7 great mace "Firestarter" {flame, inner flame,
                  | rFlCloud rF++}
 15720 | D:9      | Found a bloodstained altar of Trog.
 15750 | D:9      | Noticed a two-headed ogre
 15756 | D:9      | Killed a two-headed ogre
 15756 | D:9      | Reached *** piety under Okawaru
 15757 | D:9      | Reached skill level 14 in Maces & Flails
 16537 | D:10     | Entered Level 10 of the Dungeon
 16571 | D:10     | Found an opulent altar of Gozag.
 16575 | D:10     | Noticed a two-headed ogre
 16611 | D:10     | Noticed a two-headed ogre
 16634 | D:10     | Killed a two-headed ogre
 16634 | D:10     | Received a gift from Okawaru
 16732 | D:10     | Reached **** piety under Okawaru
 17017 | D:10     | Found a staircase to the Orcish Mines.
 17412 | D:10     | Killed a two-headed ogre
 17412 | D:10     | Received a gift from Okawaru
 17784 | D:11     | Reached XP level 12. HP: 98/123 MP: 14/17
 17796 | D:11     | Received a gift from Okawaru
 18249 | D:11     | Noticed Grum
 18267 | D:11     | Reached skill level 15 in Maces & Flails
 18615 | D:11     | Killed Grum
 18792 | D:11     | Paralysed by a hornet for 2 turns
 18796 | D:11     | Paralysed by a hornet for 1 turns
 18804 | D:11     | HP: 5/126 [hornet (2)]
 18804 | D:11     | Paralysed by a hornet for 3 turns
 18804 | D:11     | Slain by a hornet

Illustrated notes

Levels and vault maps discovered:
D:1:      sevenhm_arrival_forest_fort_small_4, layout_loops_ring
D:2:      layout_loops_cross, dilly_ecumenical_altar_fadedgnrine,
          minmay_misc_feat_columns
D:3:      layout_basic, portal_sewer_entry_f, chequers_serial_rivers_micro_c,
          guppyfry_early_lair_pool
D:4:      layout_rooms, zin_academy, uniq_menkaure, uniq_duvessa
D:5:      layout_basic, mainiacjoe_overflow_24_doors, lemuel_doored_altar,
          nicolae_overflow_hallway_of_the_gods, lemuel_temple_firewalk_b,
          minivault_4, chequers_garden, fountainhead, uniq_pikel
D:6:      layout_layer_cave, nicolae_figureground_sparkle
D:7:      layout_basic, ebering_ghost_gozag
D:8:      layout_gridville, lightli_ossuary_entry_decrepit_ruins
D:9:      layout_roguey, mainiacjoe_overflow_boulevard
D:10:     layout_small_grid, nicolae_gozag_cash_rules_everything_around_me,
          hiddenorc1_lemuel
D:11:     lemuel_troll_bridge, layout_basic, lair_entry_dummy,
          gauntlet_entry_generic, uniq_grum
Temple:   nicolae_temple_x_marks_the_god

Skill      XL: |  1  2  3  4  5  6  7  8  9 10 11 12 |
---------------+-------------------------------------+-----
Maces & Flails | 3 4 5 7 12 13 14 15 | 15.2
Dodging        | 3 4 5 |  5.9
Fighting       | 3 4 5 7 9 |  9.8
Throwing       | 3 |  3.4
Stealth        | 1 |  1.2
Invocations    | 7 |  7.5

Action                     |  1- 3 |  4- 6 |  7- 9 | 10-12 || total
---------------------------+-------+-------+-------+-------++-------
  Melee: Flail             |    87 |   184 |   253 |   473 ||   997
         Punch             |     1 |     3 |     4 |    11 ||    19
         Great mace        |       |       |       |   129 ||   129
  Throw: Throwing net      |       |     5 |     3 |       ||     8
         Stone             |       |     2 |     6 |       ||     8
         Large rock        |       |     2 |     2 |       ||     4
         Dart              |       |       |    17 |       ||    17
 Invoke: Heroism           |       |       |       |     7 ||     7
    Use: Scroll            |       |     4 |    10 |    12 ||    26
         Potion            |       |       |     1 |     4 ||     5
   Stab: Held in net/web   |       |     1 |       |       ||     1
         Sleeping          |       |       |       |     2 ||     2
 Armour: Robe              |    33 |    63 |    53 |   101 ||   250
         Skin              |       |       |    18 |       ||    18
         Troll leather arm |       |       |       |     5 ||     5
  Dodge: Dodged            |    48 |   126 |   115 |   286 ||   575

Table legend: (Time is in decaauts)
 A = Elapsed time spent in this place.
 B = Non-inter-level travel time spent in this place.
 C = Inter-level travel time spent in this place.
 D = Time resting spent in this place.
 E = Time spent auto-exploring this place.
 F = Levels seen in this place.
 G = Mean time per level.
                   A        B        C        D        E       F      G
               +--------+--------+--------+--------+--------+-----+--------+
         Total |  18752 |  18045 |    707 |   4365 |   9618 |  14 | 1339.4 |
       Dungeon |  16952 |  16252 |    700 |   3832 |   8988 |  11 | 1541.1 |
        Temple |     55 |     48 |      7 |      0 |     44 |   1 |   55.0 |
         Sewer |   1400 |   1400 |      0 |    533 |    465 |   1 | 1400.0 |
       Ossuary |    344 |    344 |      0 |      0 |    121 |   1 |  344.0 |
               +--------+--------+--------+--------+--------+-----+--------+

Top non-repeatable levels by time:
     D:6: 2537 daAuts
     D:7: 2453 daAuts
     D:5: 2172 daAuts
     D:8: 2090 daAuts
    D:10: 1770 daAuts
     D:4: 1638 daAuts
   Sewer: 1400 daAuts
     D:2: 1117 daAuts
     D:3: 1040 daAuts
     D:9: 931 daAuts
     D:1: 810 daAuts
    D:11: 390 daAuts
 Ossuary: 344 daAuts
  Temple: 55 daAuts
